archack, neutral male human Archeologist ---- |..| |..--- --- ---..| ...| --.<| ...|.- |...| ------...G. ---.--|--..||....- ---- |.....--...--...^.....| -. --.--.......*...- | - - --------....|.....G........| -................................G...-.- .. ---------...........G@.f.....-- --.--..----...|.--.--- -- |.. --.---- -- --- --- archack the Digger Experience level: 2 Strength: 10 Dexterity: 10 Constitution: 9 Intelligence: 18 Wisdom: 14 Charisma: 12 Health: 0(18) Energy: 8(8) Def: 3 Gold: 320 Moves: 520 Dungeon seed: Jyf3BpDffTyvzB8d Game ID: archack_1478002989 Your Inventory: Coins $ - 320 gold pieces Weapons a - an uncursed +2 bullwhip (alternate weapon; not wielded) k - 14 uncursed +0 darts (in quiver) m - an uncursed +0 orcish dagger o - an uncursed poisoned +0 dart p - an uncursed +0 dagger Armor e - an uncursed +0 leather jacket (being worn) n - an uncursed +0 fedora r - a blessed +0 pair of low boots (being worn) y - a blessed +0 orcish helm (being worn) Comestibles b - 5 uncursed food rations i - an uncursed tripe ration Scrolls l - an uncursed scroll of create monster Potions j - an uncursed potion of gain energy Wands h - an uncursed wand of fire (0:6) Tools c - an uncursed +0 pick-axe (weapon in hand) d - an uncursed tinning kit (0:55) f - an uncursed sack g - an uncursed oil lamp (0:1248) Gems q - an uncursed touchstone z - an uncursed worthless piece of black glass Spells and supernatural/magical abilities: Name Level Category Fail Memory W - pray for help -- divine ? -- Your skills at the end: Fighting Skills Weapon Skills pick-axe [Basic] whip [Basic] Spellcasting Skills Final Attributes: You were piously aligned. You were stealthy. You were fast. You are dead. Vanquished creatures: a dwarf 3 gnomes a jackal a fox a kobold a goblin a lichen a newt 10 creatures vanquished. Voluntary challenges: You were an atheist. You used a wielded weapon 12 times, starting on turn 34. You read items or engraved 1 time, starting on turn 5. You never genocided any monsters. You never polymorphed an object. You never changed form. You used no wishes. You never split a pudding. You wrote Elbereth's name 1 time, starting on turn 5. You never violated your personal moral code. Dungeon overview: The Dungeons of Doom: levels 1 to 3 Level 1 a long staircase Level 2 stairs to The Gnomish Mines Level 3 The Gnomish Mines: Level 3 <- You were here stairs to The Dungeons of Doom History has recorded: On T:1 you entered the Dungeons of Doom to retrieve the Amulet of Yendor! On T:219 you reached level 2 of The Dungeons of Doom. On T:423 you reached level 3 of The Dungeons of Doom. On T:447 you advanced to experience level 2. On T:458 you reached level 1 of The Gnomish Mines. Score breakdown: Gold: 320 ( 8526 points) Experience: 2 levels ( 5570 points) Exploration: 3 levels ( 6.12%) ( 6123 points) Discoveries: 2 items ( 0.67%) ( 2461 points) Valuables value: (no points given unless you survive) Artifact value: 0 ( 0 points) Variety of kills: 8 monsters ( 2.10%) ( 4347 points) Turncount: 520 turns ( 0 points) Survival: died (score multiplied by 80%) Total score: 21621 Latest messages: The dart misses the gnome lord. The gnome lord wields a dagger! The dart misses the gnome lord. The dart misses the gnome lord. You hit the gnomish wizard! The gnomish wizard hurls a smoky potion! The carafe crashes on your head and breaks into shards. Something seems to be holding you. The gnomish wizard points at you, then curses. The gnome lord thrusts his dagger. The gnome lord hits! The gnomish wizard points at you, then curses. (2x) The gnome picks up 3 darts. The gnomish wizard points at you, then curses. The gnome lord thrusts his dagger. The gnome lord hits! You die... The sack is empty. The sack is empty. Final status: Goodbye archack the Archeologist, killed by a gnome lord, while frozen by potion vapours... You died in The Gnomish Mines on dungeon level 3 with 21621 points, and 320 pieces of gold, after 520 moves. You were level 2 with a maximum of 18 hit points when you died.